 Dungeon Crawl Stone Soup version 0.31-a0-1082-g7d1fb776a8 (webtiles) character file.

Game seed: 11827947529871212558

2471 Flugslaktarn the Mimic (level 9, -6/62 HPs)
             Began as an Octopode Shapeshifter on Nov 28, 2023.
             Was an Initiate of Ashenzari.
             Shot with an arrow by a centaur (16 damage)
             ... on level 8 of the Dungeon.
             The game lasted 00:04:39 (8522 turns).

Flugslaktarn the Mimic (Octopode Shapeshifter)      Turns: 8522, Time: 00:04:40

Health: -6/62      AC:  1    Str: 15    XL:     9   Next: 51%
Magic:  9/9        EV: 14    Int: 12    God:    Ashenzari [......]
Gold:   337        SH:  5    Dex: 14    Spells: 8/8 levels left

rFire   . .          .
                       - Unarmed
rCold   . . .        (no shield)
rNeg    . . .        (helmet currently unavailable)
rPois   .            l - amulet of Ashenzari's Prison {Reflect SH+5, Comp, Cun} (curse)
rElec   .            (no ring)
rCorr   .            (no ring)
SInv    .            (no ring)
Will    .....        (no ring)
Stlth   ++           (no ring)
HPRegen 0.30/turn    (no ring)
MPRegen 0.11/turn    (no ring)
                     (no ring)

%: reflection
@: beast-form
A: beast (slay +4), almost no armour, amphibious, 8 rings, camouflage 1,
gelatinous body 1, (nimble swimmer 1), tentacles
a: Begin Untransformation, Renounce Religion, Curse Item, Shatter the Chains


You were on level 8 of the Dungeon.
You worshipped Ashenzari.
Ashenzari was noncommittal.
You were a hulking beast.
You visited 2 branches of the dungeon, and saw 9 of its levels.

You collected 337 gold pieces.

Inventory:

Missiles
 s - 9 curare-tipped darts (quivered)
Jewellery
 e - an amulet of faith
   (You found it on level 3 of the Dungeon)
 l - the cursed amulet of Ashenzari's Prison (around mantle) {Reflect SH+5, Comp, Cun}
   (You found it on level 3 of the Dungeon)

   [amulet of reflection]

   Reflect:   It reflects blocked missile attacks.
   SH+5:      It affects your SH (+5).
   It has a curse which improves the following skills: Companions: Summonings
   and Necromancy.
   Cunning:   Dodging and Stealth.
Talismans
 b - a beast talisman
 c - a flux talisman
Wands
 u - a wand of light (8)
   (You found it on level 4 of the Dungeon)
Scrolls
 f - 3 scrolls of immolation
 g - a scroll of enchant weapon
 h - a scroll of vulnerability
 j - 2 scrolls of fear
 m - a scroll of poison
 t - 2 scrolls of teleportation
 z - a scroll of blinking
Potions
 a - 3 potions of lignification
 d - 2 potions of might
 i - a potion of brilliance {unknown}
 k - a potion of enlightenment {unknown}
 n - 2 potions of resistance
 o - a potion of attraction
 p - a potion of magic {unknown}
 q - 4 potions of curing
 w - a potion of heal wounds
 x - a potion of ambrosia {unknown}


   Skills:
 + Level 5.8 Fighting
 + Level 3.3(3.7) Dodging
 + Level 6.7 Unarmed Combat
 - Level 3.0 Evocations
 * Level 8.3 Shapeshifting


You had 8 spell levels left.
You didn't know any spells.
Your spell library was empty.

Dungeon Overview and Level Annotations

Branches:
Dungeon (8/15)             Temple (1/1) D:6
   Lair: D:8-11

Altars:
Ashenzari
Cheibriados
Dithmenos
Elyvilon
Fedhas
Kikubaaqudgha
Makhleb
Nemelex Xobeh
Ru
Sif Muna
Trog
Uskayaw
Vehumet
Wu Jian
Xom
Yredelemnul
Zin
The Shining One

Annotations:
D:6 1 runed translucent door, exclusion: steam dragon, Crazy Yiuf


Innate Abilities, Weirdness & Mutations

You are a hulking beast.
Your limbs bulge with bestial killing power. (Slay +4)
You cannot wear most types of armour.
You are amphibious.
You can wear up to eight rings at the same time.
Your skin changes colour to match your surroundings (Stealth+).
Your rubbery body absorbs attacks. (AC +1, EV +1)
((You are camouflaged when in or above water. (Stealth+)))
You have tentacles for arms and can constrict up to eight enemies at once.


Message History

You are too injured to fight recklessly!
You feel better. You block the water moccasin's attack.
You barely miss the water moccasin. Your grab misses the water moccasin.
You block the water moccasin's attack.
You bludgeon the water moccasin! Your grab misses the water moccasin.
The water moccasin is moderately wounded.
The water moccasin misses you. You block the water moccasin's attack.
You bludgeon the water moccasin! Your grab misses the water moccasin.
The water moccasin is almost dead.
The water moccasin barely misses you.
You bludgeon the water moccasin!
You kill the water moccasin!
An ice beast comes into view.
Things that are here:
a +2 trident of protection; a +0 ring mail; a +0 kite shield An ice beast is nearby!
You start resting.
There are monsters nearby!
Things that are here:
a +2 trident of protection; a +0 ring mail; a +0 kite shield The wolf misses you.
The wolf bites you.
You bludgeon the wolf! Your grab misses the wolf.
You squeeze the wolf, but do no damage.
The wolf is moderately wounded.
The wolf bites you! The wolf bites you.
* * * LOW HITPOINT WARNING * * *
You are too injured to fight recklessly!
Aiming: Bolt of Light
Press: ? - help, Shift-Dir - straight line, f - wolf
Aim: a wolf (moderately wounded, 57% to hit)
The bolt of light misses the wolf.
The wolf bites you!
* * * LOW HITPOINT WARNING * * *
Unknown command.
You tentacle-slap the wolf. You grab the wolf. You tentacle-slap the wolf.
You squeeze the wolf.
The wolf is almost dead.
You constrict the wolf, but do no damage.
The wolf closely misses you. The gnoll misses you. The wolf bites you!
* * * LOW HITPOINT WARNING * * *
You feel much better.
You constrict the wolf. The wolf bites you!
The gnoll hits you from afar with a +0 halberd!
* * * LOW HITPOINT WARNING * * *
You bludgeon the wolf!
You kill the wolf!
The gnoll closely misses you.
Aiming: Bolt of Light
Press: ? - help, Shift-Dir - straight line, f - gnoll
Aim: a gnoll, wielding a +0 halberd (77% to hit)
The bolt of light misses the gnoll.
The bolt of light hits the ice beast!
The ice beast is heavily wounded.
The ice beast is blinded.
You hear a shout! x2
The gnoll barely misses you.
Aiming: Bolt of Light
Press: ? - help, Shift-Dir - straight line, f/p - gnoll
Aim: a gnoll, wielding a +0 halberd (77% to hit)
The bolt of light hits the gnoll!
You kill the gnoll!
You hear a shout!
An orc comes into view. It is wielding a +0 flail.
Unknown command.
The orc shouts!
An orc comes into view. It is wielding a +0 hand axe.
Unknown command.
An orc comes into view.
It is wielding a +0 dagger and quivering poisoned darts.
The ice beast is no longer blind.
The orc attacks as it pursues you! The orc hits you with a +0 flail.
* * * LOW HITPOINT WARNING * * *
You barely miss the orc. You grab the orc.
You constrict the orc, but do no damage.
The orc barely misses you.
You tentacle-slap the orc but do no damage.
You constrict the orc, but do no damage.
The orc hits you with a +0 flail.
* * * LOW HITPOINT WARNING * * *
You bludgeon the orc!
You kill the orc!
You tentacle-slap the orc. Your grab misses the orc.
Your tentacle-slap misses the orc.
The orc is heavily wounded.
The orc misses you.
You bludgeon the orc!
You kill the orc!
You bludgeon the ice beast!
The ice beast is almost dead.
You block the ice beast's attack.
You bludgeon the ice beast!
You kill the ice beast!
Items here: )) [[.
You start resting.
A centaur comes into view.
The wolf howls!
The centaur shouts!
The centaur wields a +0 shortbow.
The centaur shoots an arrow.
The arrow hits you.
* * * LOW HITPOINT WARNING * * *
The centaur shoots an arrow.
The arrow misses you.
An orc comes into view. It is wielding a +0 club.
The orc shouts!
The centaur shoots an arrow.
The arrow hits you!
You die...

##.......)#....##
###.<..........###
.##.......##..##
..)..........## ###
..)..........#####.#
.............#≈#.#)###
.............#≈#.....#
...#.......h..~...##.###
...##.........~.h..#...#
...##.........~........##
..####.......#≈#c#......###
#..#....###..#≈#....###...##
......####...#≈#....##.....#
.##... ##..###...#.......#
.##... .............)...##
.. ...o..#.......## ..
..####..[)...#


You could see a wolf, a centaur and an orc.

Vanquished Creatures
  Sigmund (D:4)
  A wyvern (D:7)
  Menkaure (D:6)
  A water moccasin (D:8)
  2 ice beasts (D:8)
  A sky beast (D:7)
  A black bear (D:5)
  A wolf (D:8)
  Blork the orc (D:6)
  2 kobold brigands (D:7)
  A bullfrog (D:7)
  6 scorpions
  A gnoll sergeant (D:8)
  A jelly (D:6)
  An orc priest (D:7)
  2 sleepcaps
  3 hounds
  2 gnoll boudas (D:7)
  2 iguanas (D:7)
  6 orc wizards (D:7)
  13 gnolls
  9 adders
  2 ufetubi (D:7)
  A worm (D:2)
  5 dart slugs
  24 orcs
  13 ball pythons
  7 bats
  4 endoplasms
  6 giant cockroaches
  10 goblins
  8 hobgoblins
  3 jackals (D:3)
  4 quokkas
  A frilled lizard (D:1)
  19 kobolds
  9 rats
175 creatures vanquished.

Notes
Turn   | Place    | Note
-------+----------+-------------------------------------------
     0 | D:1      | Flugslaktarn the Octopode Shapeshifter began the quest for
                  | the Orb.
     0 | D:1      | Reached XP level 1. HP: 13/13 MP: 1/1
    98 | D:1      | Reached XP level 2. HP: 18/18 MP: 2/2
   468 | D:1      | Reached XP level 3. HP: 23/23 MP: 3/3
  1304 | D:2      | Reached XP level 4. HP: 24/29 MP: 4/4
  1868 | D:2      | Reached skill level 4 in Shapeshifting
  2633 | D:3      | Reached XP level 5. HP: 35/35 MP: 5/5
  3501 | D:4      | Reached XP level 6. HP: 41/41 MP: 6/6
  3808 | D:4      | Reached skill level 5 in Shapeshifting
  3896 | D:4      | Noticed Sigmund
  3901 | D:4      | Killed Sigmund
  3902 | D:4      | Reached XP level 7. HP: 29/46 MP: 7/7
  4080 | D:5      | Entered Level 5 of the Dungeon
  4608 | D:5      | Reached skill level 1 in Evocations
  4783 | D:5      | Reached skill level 5 in Unarmed Combat
  4980 | D:5      | Reached skill level 6 in Shapeshifting
  5405 | D:6      | Reached XP level 8. HP: 48/54 MP: 8/8
  5535 | D:6      | Found a runed translucent door.
  5536 | D:6      | Noticed Crazy Yiuf
  5563 | D:6      | Found a staircase to the Ecumenical Temple.
  5663 | D:6      | Noticed Blork the orc
  5668 | D:6      | Killed Blork the orc
  5732 | Temple   | Entered the Ecumenical Temple
  5742 | Temple   | Became a worshipper of Ashenzari the Shackled
  5873 | D:6      | Noticed Menkaure
  5882 | D:6      | Killed Menkaure
  6595 | D:7      | Noticed a wyvern
  6605 | D:7      | Killed a wyvern
  6758 | D:7      | Reached skill level 7 in Shapeshifting
  7191 | D:7      | Reached skill level 5 in Fighting
  7284 | D:7      | Reached XP level 9. HP: 29/61 MP: 9/9
  8474 | D:8      | Reached skill level 8 in Shapeshifting
  8493 | D:8      | HP: 2/62 [wolf (8)]
  8522 | D:8      | Shot with an arrow by a centaur

Illustrated notes

Levels and vault maps discovered:
D:1:      roderic_crop_circles_arrival_small, layout_loops_corners
D:2:      minmay_chambers_of_ones, layout_basic, grunt_ministairs_6
D:3:      layout_loops_cross
D:4:      layout_loops_cross, sigmund_army
D:5:      nicolae_BIG_FREAKIN_CUBE, layout_basic, grunt_tough_drop
D:6:      layout_loops_ring, minmay_temple_entry_poolview,
          uniq_crazy_yiuf_cottage, uniq_menkaure, uniq_blork_the_orc
D:7:      layout_gridville
D:8:      layout_cave_pools, hellmonk_lair_entry_icy, serial_shops, shop,
          serial_rivers, chequers_serial_rivers_micro_a,
          chequers_serial_rivers_small_3, chequers_serial_rivers_large_a,
          chequers_serial_rivers_small_a, chequers_serial_rivers_micro_a,
          eino_jars
Temple:   regret_index_temple_chain_breaker

Skill      XL: |  1  2  3  4  5  6  7  8  9 |
---------------+----------------------------+-----
Fighting       | 2 3 4 5 |  5.8
Shapeshifting  | 4 5 6 7 8 |  8.3
Unarmed Combat | 4 5 6 |  6.7
Evocations     | 2 3 |  3.0
Dodging        | 3 |  3.3

Action                     |  1- 3 |  4- 6 |  7- 9 || total
---------------------------+-------+-------+-------++-------
  Melee: Unarmed           |    61 |   115 |   181 ||   357
         Constrict         |    14 |    36 |    53 ||   103
         Tentacles         |    10 |    27 |    44 ||    81
         Punch             |     1 |     4 |     8 ||    13
 Invoke: Curse Item        |       |       |     1 ||     1
  Evoke: Wand              |       |     3 |     5 ||     8
    Use: Scroll            |       |       |    16 ||    16
         Potion            |       |       |     4 ||     4
   Stab: Sleeping          |     8 |    10 |     4 ||    22
         Invisible         |       |       |     1 ||     1
 Armour: Skin              |    16 |    38 |    96 ||   150
  Dodge: Dodged            |    27 |    67 |   103 ||   197
  Block: Other             |       |    11 |    36 ||    47
         Reflection        |       |       |     2 ||     2

Table legend: (Time is in decaauts)
 A = Elapsed time spent in this place.
 B = Non-inter-level travel time spent in this place.
 C = Inter-level travel time spent in this place.
 D = Time resting spent in this place.
 E = Time spent auto-exploring this place.
 F = Levels seen in this place.
 G = Mean time per level.
                   A        B        C        D        E       F      G
               +--------+--------+--------+--------+--------+-----+--------+
         Total |   8491 |   8038 |    453 |   1380 |   5610 |   9 |  943.4 |
       Dungeon |   8470 |   8036 |    434 |   1380 |   5610 |   8 | 1058.8 |
        Temple |     20 |      2 |     18 |      0 |      0 |   1 |   20.0 |
               +--------+--------+--------+--------+--------+-----+--------+

Top non-repeatable levels by time:
     D:7: 1814 daAuts
     D:6: 1430 daAuts
     D:2: 1362 daAuts
     D:1: 1077 daAuts
     D:5: 968 daAuts
     D:4: 878 daAuts
     D:3: 747 daAuts
     D:8: 191 daAuts
  Temple: 20 daAuts
